 Dungeon Crawl Stone Soup version 0.21-a0-39-g28ea6b7 (webtiles) character file.

205 tilp the Chiller (level 5, -2/35 HPs)
             Began as a Merfolk Ice Elementalist on June 2, 2017.
             Slain by an iguana (14 damage)
             ... on level 4 of the Dungeon.
             The game lasted 00:09:56 (4348 turns).

tilp the Chiller (Merfolk Ice Elementalist)         Turns: 4348, Time: 00:09:57

Health: -2/35      AC:  2    Str:  8    XL:     5   Next: 83%
Magic:  9/11       EV: 14    Int: 16    God:
Gold:   137        SH:  0    Dex: 14    Spells: 2/12 levels left

rFire    . . .     SeeInvis .   j - +0 short sword
rCold    . . .     Gourm    .   (no shield)
rNeg     . . .     Faith    .   a - +0 robe
rPois    .         Spirit   .   (no helmet)
rElec    .         Reflect  .   (no cloak)
rCorr    .         Harm     .   (no gloves)
MR       .....                  (no boots)
Stlth    ++........             (no amulet)
Regen    0.2/turn               (no ring)
MPRegen  0.2/turn               (no ring)

@: no status effects
A: change form in water, swift swim, stealthy swim
a: no special abilities


You were on level 4 of the Dungeon.
You were not hungry.

You visited 1 branch of the dungeon, and saw 4 of its levels.

You collected 137 gold pieces.

Inventory:

Hand Weapons
 j - a +0 short sword (weapon)
 w - a +0 hunting sling
 x - a +0 spear
Missiles
 e - 101 sling bullets
Armour
 a - a +0 robe (worn)
Wands
 m - a wand of acid (8/15)
Scrolls
 d - a scroll of random uselessness {unknown}
 g - a scroll of magic mapping
 o - 3 scrolls of teleportation
 q - 3 scrolls of fear
 r - a scroll of enchant weapon {unknown}
 s - a scroll of fog {unknown}
 v - 2 scrolls of immolation
Potions
 h - a potion of invisibility {unknown}
 i - a potion of brilliance {unknown}
 l - a potion of heal wounds {unknown}
 n - a potion of magic {unknown}
 p - a potion of flight {unknown}
 t - 2 potions of might {unknown}
Books
 b - a book of Frost

   Spells                             Type                      Level
   a - Freeze                         Ice                          1
   b - Throw Frost                    Conjuration/Ice              2
   c - Ozocubu's Armour               Charms/Ice                   3
   d - Throw Icicle                   Conjuration/Ice              4
   e - Summon Ice Beast               Ice/Summoning                4
Comestibles
 c - 4 bread rations
 f - 6 fruits


   Skills:
 * Level 0.8 Polearms
 - Level 4.0 Dodging
 - Level 2.1 Stealth
 * Level 4.1 Spellcasting
 - Level 0.7 Conjurations
 + Level 4.6 Ice Magic


You had 2 spell levels left.
You knew the following spells:

 Your Spells              Type           Power        Failure   Level  Hunger
a - Freeze                Ice            ###.         2%          1    None
b - Throw Frost           Conj/Ice       ##....       9%          2    ##.....
c - Ozocubu's Armour      Chrm/Ice       ##......     19%         3    ###....
d - Throw Icicle          Conj/Ice       ##......     50%         4    ####...


Dungeon Overview and Level Annotations

Branches:
Dungeon (4/15)
 Temple: D:4-7

Altars:
Qazlal


Message History

You hit the iguana.
The iguana is lightly wounded.
The iguana bites you!
Casting: Freeze
Confirm with . or Enter, or press ? or * to list all spells.
Aiming: Freeze
Press: ? - help, Shift-Dir - straight line, f - iguana
Aim: an iguana You freeze the iguana.
The iguana is lightly wounded.
The iguana bites you!
Casting: Freeze
Confirm with . or Enter, or press ? or * to list all spells.
Aiming: Freeze
Press: ? - help, Shift-Dir - straight line, f/p - iguana
Aim: an iguana (lightly wounded)
You freeze the iguana.
The iguana seems to slow down.
The iguana is moderately wounded.
The iguana bites you!
You die...

#..... #.....
#....# #....+
##....# #.....#
#.....## #....#
##@#.# #l#.#
#.#.######
#.#.##...#
#.#..'...######
.#
#.####(.......#
.# #.#
#........# . .#
#.# #........#
###.#####
###......#


You could see an iguana.

Vanquished Creatures
  A howler monkey (D:3)
  Natasha (twice) (D:2 D:3)
  3 gnolls (D:3)
  2 adders (D:2)
  An ooze (D:3)
  5 worms
  2 dart slugs
  9 bats
  3 giant cockroaches
  3 goblins
  2 hobgoblins (D:2)
  6 jackals
  3 kobolds
  A quokka (D:3)
  2 frilled lizards
  10 rats
55 creatures vanquished.

Notes
Turn   | Place    | Note
-------+----------+-------------------------------------------
     0 | D:1      | tilp the Merfolk Ice Elementalist began the quest for the Orb.
     0 | D:1      | Reached XP level 1. HP: 13/13 MP: 3/3
   322 | D:1      | Reached XP level 2. HP: 7/19 MP: 3/5
   994 | D:2      | Reached XP level 3. HP: 22/24 MP: 3/6
  1191 | D:2      | Noticed Natasha
  1473 | D:2      | Found a stormy altar of Qazlal.
  1530 | D:2      | Killed Natasha
  1530 | D:2      | Reached XP level 4. HP: 17/30 MP: 3/8
  2352 | D:3      | Learned a level 2 spell: Throw Frost
  2356 | D:3      | Learned a level 3 spell: Ozocubu's Armour
  2361 | D:3      | Learned a level 4 spell: Throw Icicle
  2386 | D:3      | Reached XP level 5. HP: 27/35 MP: 10/10
  3704 | D:3      | Noticed Natasha
  3720 | D:3      | Killed Natasha
  4028 | D:4      | Noticed a phantom
  4348 | D:4      | Slain by an iguana

Vault maps used:
D:1:      kennysheep_arrival_forest
D:2:      lemuel_crystal_altar, first_bread, uniq_natasha
D:4:      minitemple, uniq_grinder, uniq_blork_the_orc

Skill      XL: |  1  2  3  4  5 |
---------------+----------------+-----
Dodging        | 3 4 |  4.0
Spellcasting   | 3 4 |  4.1
Ice Magic      | 4 |  4.6
Polearms       | |  0.8
Stealth        | |  2.1
Conjurations   | |  0.7

Action                   |  1- 3 |  4- 6 || total
-------------------------+-------+-------++-------
Melee: Dagger            |     3 |       ||     3
       Short sword       |    51 |    93 ||   144
 Fire: Hunting sling     |       |    19 ||    19
 Cast: Freeze            |    29 |    41 ||    70
       Throw Frost       |       |     1 ||     1
  Use: Scroll            |       |     4 ||     4
 Stab: Sleeping          |     3 |     8 ||    11
  Eat: Chunk             |     2 |     6 ||     8
       Bread ration      |       |     1 ||     1
       Royal jelly       |       |     1 ||     1
Armor: Robe              |    12 |    15 ||    27
Dodge: Dodged            |    48 |    75 ||   123
